 Dungeon Crawl Stone Soup version 0.27-a0-1312-g5cdb2b3542 (webtiles) character file.

Game seed: 5755453372948070704

1253 junkies the Digger (level 8, -2/66 HPs)
             Began as a Ghoul Earth Elementalist on June 19, 2021.
             Was a Believer of Yredelemnul.
             Slain by a troll (5 damage)
             ... while paralysed by Grinder
             ... on level 5 of the Dungeon.
             The game lasted 00:27:26 (5129 turns).

junkies the Digger (Ghoul Earth Elementalist)       Turns: 5129, Time: 00:27:26

Health: -2/66      AC:  4    Str: 12    XL:     8   Next: 51%
Magic:  6/12       EV:  2    Int: 18    God:    Yredelemnul [**....]
Gold:   249        SH:  0    Dex:  9    Spells: 6/14 levels left

rFire    . . .     SeeInvis .     - Unarmed
rCold    + . .     Faith    .   (no shield)
rNeg     + + +     Spirit   .   b - +0 robe
rPois    ∞         Reflect  .   q - +1 hat
rElec    .         Harm     .   k - scarf {shadows}
rCorr    .         Rampage  .   (no gloves)
Will     .....                  m - +0 pair of boots
Stlth    ++........             (no amulet)
HPRegen  0.00/turn              i - +6 ring of intelligence
MPRegen  0.13/turn              g - +4 ring of evasion

@: paralysed
A: claws 1, cold resistance 1, negative energy resistance 3, inhibited
regeneration, torment resistance 2
a: Renounce Religion, Animate Remains, Recall Undead Slaves, Injury Mirror


You were on level 5 of the Dungeon.
You worshipped Yredelemnul.
Yredelemnul was pleased with you.
You visited 1 branch of the dungeon, and saw 5 of its levels.

You collected 249 gold pieces.

Inventory:

Hand Weapons
 f - a +0 dagger
Missiles
 c - 128 stones
 B - a throwing net
Armour
 b - a +0 robe (worn)
 k - a scarf of shadows (worn)
 m - a +0 pair of boots (worn)
 q - a +1 hat (worn)
Jewellery
 g - a +4 ring of evasion (right claw)
 h - a ring of protection from cold
 i - a +6 ring of intelligence (left claw)
 s - a ring of wizardry
 v - a ring of resist corrosion
 y - a ring of ice
Wands
 z - a wand of iceblast (8)
Scrolls
 j - a scroll of blinking
 l - a scroll of enchant armour {unknown}
 n - 2 scrolls of vulnerability {unknown}
 p - a scroll of magic mapping {unknown}
 t - a scroll of fear {unknown}
 u - 2 scrolls of teleportation
 A - a scroll of identify
Potions
 a - a potion of flight
 d - a potion of might {unknown}
 e - a potion of brilliance {unknown}
 o - a potion of ambrosia {unknown}
 r - 2 potions of curing
 w - 2 potions of heal wounds {unknown}
 x - a potion of haste {unknown}


   Skills:
 + Level 4.3 Fighting
 - Level 2.2 Dodging
 - Level 2.1 Stealth
 + Level 4.1 Unarmed Combat
 + Level 3.7 Spellcasting
 - Level 2.3 Conjurations
 - Level 0.8 Transmutations
 * Level 7.4 Earth Magic


You had 6 spell levels left.
You knew the following spells:

 Your Spells              Type           Power      Damage    Failure   Level
a - Sandblast             Erth           60%        2d14      1%          1
b - Stone Arrow           Conj/Erth      40%        3d9       6%          3
c - Blink                 Tloc           N/A        N/A       22%         2
d - Passwall              Tmut/Erth      15%        N/A       4%          2

Your spell library contained the following spells:

 Spells                   Type           Power      Damage    Failure   Level
 Magic Dart               Conj           44%        1d5       6%          1
 Corona                   Hex            3%         N/A       16%         1
 Lee's Rapid Deconstruct  Erth           15%        3d11*     21%         5
 Call Imp                 Summ           3%         N/A       22%         2
 Ensorcelled Hibernation  Hex/Ice        6%         N/A       22%         2
 Slow                     Hex            3%         N/A       22%         2
 Petrify                  Tmut/Erth      18%        N/A       26%         4
 Conjure Flame            Conj/Fire      7%         6-21      28%         3
 Dazzling Flash           Conj/Hex       14%        N/A       28%         3
 Mephitic Cloud           Conj/Pois/Air  6%         N/A       32%         3
 Confusing Touch          Hex            3%         N/A       41%         3
 Tukima's Dance           Hex            3%         N/A       41%         3


Dungeon Overview and Level Annotations

Branches:
Dungeon (5/15)
 Temple: D:4-7

Altars:
Ashenzari
Hepliaklqana
Xom
Yredelemnul
Zin

Shops:
D:1 [

Annotations:
D:2 Sigmund
D:3 1 runed translucent door, solopath's ghost, amateur FoFi
D:4 1 runed translucent door, Crazy Yiuf
D:5 Grinder


Innate Abilities, Weirdness & Mutations

You thrive by killing the living.
You are immune to poison.
You have sharp fingernails.
Your flesh is cold resistant. (rC+)
You are immune to negative energy. (rN+++)
You do not regenerate when monsters are visible.
You are immune to unholy pain and torment.


Message History

Press: ? - help, Shift-Dir - straight line, f/p - centaur zombie
Aim: a centaur zombie (heavily damaged, 100% to hit)
The stone arrow hits the centaur zombie!!
You destroy the centaur zombie!
Yredelemnul accepts your kill.
Casting: Stone Arrow (dangerous; 6% risk of failure)
Confirm with . or Enter, or press ? or * to list all spells.
Okay, then.
Unknown command.
Unknown command.
Unknown command.
Unknown command.
Okay, then.
Unknown command.
A troll is nearby!
Casting: Stone Arrow (dangerous; 6% risk of failure)
Confirm with . or Enter, or press ? or * to list all spells.
You can't see any susceptible monsters within range! (Use Z to cast anyway.)
The troll shouts!
Casting: Stone Arrow (dangerous; 6% risk of failure)
Confirm with . or Enter, or press ? or * to list all spells.
Aiming: Stone Arrow (dangerous; 6% risk of failure)
Press: ? - help, Shift-Dir - straight line, f - troll
Aim: a troll (71% to hit)
The stone arrow hits the troll!
The troll is moderately wounded.
Found a leather armour.
Grinder comes into view.
Grinder shouts!
The troll bites you! The troll misses you. The troll closely misses you.
Grinder gestures at you.
You suddenly lose the ability to move!
The troll bites you. The troll claws you! x2
Grinder gestures at you.
You shrug off the repeated paralysis!
The troll bites you!
* * * LOW HITPOINT WARNING * * *
The troll claws you.
You die...
Yredelemnul claims you as an undead slave.

....#...#...#...#.....<.#...
#..#.#..O#)#...#)#..#.#.#.D.
.#.#...#...#...#...#.#.#.#.#.
........................#.#.
.....#..5#...#...#..).####'##
#..#.#...#.#...#.#..####...#
#...#...#...#...#T#......#
.......................#....#
.....#...#..@#...#.....#....#
.#..#.#...#T#...#.#..#<##...#
#.#..Z#...#...#...#.#.##...#
... .................#.##...#
.. .#...#...#...#)....######
#.#...#[#...#.#....#
...#...#...#...#.#......
.................##.....
################## .....


You could see Grinder, a troll and a bullfrog zombie (wandering).

Vanquished Creatures
  An acid dragon (D:5)
  A necrophage (D:4)
  3 ogres
  A centaur (D:5)
  A kobold brigand (D:3)
  3 scorpions
  A water moccasin zombie (D:5)
  A bullfrog zombie (D:5)
  A centaur zombie (D:5)
  A jelly (D:4)
  2 hounds
  An orc priest (D:5)
  A bullfrog skeleton (D:5)
  2 iguanas
  An orc wizard (D:4)
  2 howler monkey skeletons
  6 adders
  An adder zombie (D:5)
  4 dart slugs
  2 worms
  4 orcs
  An endoplasm (D:4)
  2 giant cockroaches
  6 goblins
  6 hobgoblins
  5 jackals
  A quokka (D:4)
  11 ball pythons
  3 bats
  7 kobolds
  3 rats
85 creatures vanquished.

Vanquished Creatures (others)
  3 plants (D:3)
3 creatures vanquished.

Grand Total: 88 creatures vanquished

Notes
Turn   | Place    | Note
-------+----------+-------------------------------------------
     0 | D:1      | junkies the Ghoul Earth Elementalist began the quest for
                  | the Orb.
     0 | D:1      | Reached XP level 1. HP: 14/14 MP: 2/2
   224 | D:1      | Found Okuxis's Antique Armour Shop.
   285 | D:1      | Reached XP level 2. HP: 22/22 MP: 0/3
   783 | D:1      | Found a faded altar of an unknown god.
   791 | D:1      | Became a worshipper of Yredelemnul the Dark
   791 | D:1      | Reached * piety under Yredelemnul
  1302 | D:2      | Reached skill level 1 in Fighting
  1302 | D:2      | Reached XP level 3. HP: 28/28 MP: 5/5
  1422 | D:2      | Learned a level 3 spell: Stone Arrow
  1442 | D:2      | Noticed Sigmund
  1636 | D:3      | Found a runed translucent door.
  1656 | D:3      | Reached skill level 4 in Earth Magic
  1682 | D:3      | Identified a scroll of acquirement
  1682 | D:3      | Acquired a +6 ring of intelligence
  1691 | D:3      | Noticed a kobold brigand
  1790 | D:3      | Reached XP level 4. HP: 35/35 MP: 6/6
  1792 | D:3      | Noticed solopath's ghost (amateur FoFi)
  1902 | D:3      | Reached skill level 1 in Unarmed Combat
  2006 | D:3      | Reached ** piety under Yredelemnul
  2198 | D:3      | Killed a kobold brigand
  2199 | D:3      | Reached XP level 5. HP: 41/41 MP: 0/7
  2599 | D:4      | Reached skill level 1 in Conjurations
  2637 | D:4      | Noticed an ogre
  2659 | D:4      | Killed an ogre
  2660 | D:4      | Reached skill level 5 in Earth Magic
  2660 | D:4      | Reached XP level 6. HP: 49/49 MP: 2/8
  2794 | D:4      | Found a broken altar of Ashenzari.
  2986 | D:4      | Found a hazy altar of Hepliaklqana.
  2987 | D:4      | Found a shimmering altar of Xom.
  2988 | D:4      | Noticed a spectral ugly thing
  3102 | D:4      | Learned a level 2 spell: Blink
  3438 | D:4      | Found a runed translucent door.
  3439 | D:4      | Noticed Crazy Yiuf
  3543 | D:5      | Entered Level 5 of the Dungeon
  3543 | D:5      | Noticed a necrophage
  3636 | D:5      | Reached XP level 7. HP: 56/56 MP: 7/10
  3730 | D:4      | Learned a level 2 spell: Passwall
  3845 | D:5      | Reached skill level 6 in Earth Magic
  3973 | D:5      | Noticed a troll
  4266 | D:5      | Reached XP level 8. HP: 48/66 MP: 1/12
  4700 | D:4      | Reached skill level 7 in Earth Magic
  5126 | D:5      | Noticed Grinder
  5127 | D:5      | Paralysed by Grinder for 5 turns
  5129 | D:5      | HP: 3/66 [troll (17)]
  5129 | D:5      | Slain by a troll

Illustrated notes

Levels and vault maps discovered:
D:1:      onia_arrival_mini_maze_b, layout_rooms, serial_shops,
          nicolae_shop_trees, shapermc_ecumenical_altar_hornbeckon,
          grunt_decor_fettered
D:2:      layout_loops_ring, uniq_sigmund
D:3:      layout_rooms, ebering_ghost_reflecting_pool,
          minmay_misc_feat_secret_circle, eino_curves_02,
          hangedman_decor_opposing, minmay_shallow_snake_nest
D:4:      layout_basic, regret_index_temple_of_mockery, jmf_multi_god_temple,
          uniq_crazy_yiuf_cottage
D:5:      cheibrodos_fzero, layout_basic, minmay_temple_entry_wispy,
          uniq_grinder, uniq_edmund

Skill      XL: |  1  2  3  4  5  6  7  8 |
---------------+-------------------------+-----
Dodging        | 2 |  2.2
Spellcasting   | 2 3 |  3.7
Fighting       | 1 2 3 4 |  4.3
Earth Magic    | 4 5 6 7 |  7.4
Unarmed Combat | 1 2 3 4 |  4.1
Conjurations   | 1 2 |  2.3
Stealth        | |  2.1
Transmutations | |  0.8

Action                   |  1- 3 |  4- 6 |  7- 9 || total
-------------------------+-------+-------+-------++-------
Melee: Unarmed           |    58 |    98 |    57 ||   213
       Dagger            |     2 |       |       ||     2
       Punch             |       |     1 |     2 ||     3
 Cast: Sandblast         |    35 |    40 |    15 ||    90
       Stone Arrow       |       |       |    31 ||    31
       Passwall          |       |       |     1 ||     1
  Use: Scroll            |     3 |     4 |       ||     7
 Stab: Sleeping          |     4 |       |       ||     4
Armor: Robe              |    12 |    11 |    10 ||    33
Dodge: Dodged            |    52 |    88 |    69 ||   209

Table legend: (Time is in decaauts)
 A = Elapsed time spent in this place.
 B = Non-inter-level travel time spent in this place.
 C = Inter-level travel time spent in this place.
 D = Time resting spent in this place.
 E = Time spent auto-exploring this place.
 F = Levels seen in this place.
 G = Mean time per level.
                   A        B        C        D        E       F      G
               +--------+--------+--------+--------+--------+-----+--------+
         Total |   5139 |   4718 |    421 |    956 |   2075 |   5 | 1027.8 |
       Dungeon |   5139 |   4718 |    421 |    956 |   2075 |   5 | 1027.8 |
               +--------+--------+--------+--------+--------+-----+--------+

Top non-repeatable levels by time:
     D:4: 2052 daAuts
     D:1: 1012 daAuts
     D:3: 887 daAuts
     D:2: 688 daAuts
     D:5: 498 daAuts
